AoeStats
← TenHeinzR2

Highland

506553367Analyzed
2v2 RM · 17d ago on Sep 14, 2026· 41m 34s· 4 players
Game mode
Random Map
Map size
Medium (4 player)
Population
200
Speed
Normal
Resources
Standard
Victory
Conquest
Starting age
Dark Age
Ending age
Imperial Age
RankedLock teamsTeams togetherTeam positionsShared explorationLock speedFull tech treeHidden civsTurbo modeCheats
Victory
Defeat
🇧🇷 Armenians · Brazil
959
+12
🇧🇷 Poles · Brazil
875
+15
🇨🇳 Malians · China
884
-14
🇦🇷 Vietnamese · Argentina
846
-13
雷霆半月斩
10:32 Feudal Age
11:00 Double-Bit Axe
10:58 Horse Collar
15:40 Loom
18:22 Forging
24:15 Scale Mail Armor
maisimoron2
0:27 Loom
12:22 Feudal Age
12:57 Double-Bit Axe
19:40 Castle Age
19:39 Horse Collar
20:45 Pikeman
21:39 Forging
21:56 Elite Skirmisher
25:03 Crossbowman
26:15 Fletching
27:21 Wheelbarrow
28:47 Scale Mail Armor
29:52 Bodkin Arrow
30:40 Bow Saw
32:42 Hand Cart
36:44 Imperial Age
35:08 Padded Archer Armor
38:16 Heavy Plow
37:41 Arbalester
38:28 Bracer
41:14 Elite Rattan Archer
Rammstilhos
5:17 Loom
7:12 Loom
11:28 Feudal Age
19:21 Castle Age
17:40 Stone Mining
18:39 Double-Bit Axe
18:56 Horse Collar
19:51 Bloodlines
20:47 Husbandry
23:06 Szlachta Privileges
27:58 Scale Barding Armor
28:04 Forging
29:19 Chain Barding Armor
33:17 Iron Casting
32:33 Fletching
35:04 Bodkin Arrow
35:57 Wheelbarrow
35:08 Town Watch
35:33 Heavy Plow
36:12 Stone Shaft Mining
35:33 Gold Mining
38:51 Imperial Age
40:32 Conscription
40:51 Hoardings
39:42 Cavalier
42:02 Blast Furnace
41:03 Bracer
TenHeinzR2
13:03 Feudal Age
14:23 Double-Bit Axe
14:30 Gold Mining
14:02 Man-at-Arms
16:04 Long Swordsman
16:32 Arson
18:15 Scale Mail Armor
19:30 Horse Collar
21:27 Forging
29:05 Fletching
29:16 Padded Archer Armor
31:40 Castle Age
32:51 Elite Skirmisher
35:10 Bow Saw
36:28 Two-Handed Swordsman
36:56 Gambesons
37:12 Squires
Connection lost

Rejoining the realm…

Still unreachable

The connection could not be restored.

Session expired

The server has moved on; the page needs a fresh start.